 Dungeon Crawl Stone Soup version 0.26-a0-812-g31a745ddcd (webtiles) character file.

Game seed: 5327397173967779649

680 Dracia the Chiller (level 7, -2/55 HPs)
             Began as a Naga Ice Elementalist on Dec 5, 2020.
             Was an Initiate of Cheibriados.
             Shot with an arrow by a centaur (13 damage)
             ... on level 5 of the Dungeon.
             The game lasted 00:19:22 (7531 turns).

Dracia the Chiller (Naga Ice Elementalist)          Turns: 7531, Time: 00:19:22

Health: -2/55      AC:  6    Str: 16 (17) XL:     7   Next: 60%
Magic:  15/15      EV: 10    Int: 17 (19) God:    Cheibriados [......]
Gold:   244        SH:  0    Dex: 11 (12) Spells: 1/16 levels left

rFire    . . .     SeeInvis +   n - +1 spear (venom)
rCold    . . .     Faith    .   (no shield)
rNeg     . . .     Spirit   .   a - +0 robe
rPois    +         Reflect  .   o - +0 helmet
rElec    .         Harm     .   r - +1 cloak
rCorr    .         Rampage  .   (no gloves)
MR       .....                  (no barding)
Stlth    ++........             (no amulet)
HPRegen  0.18/turn              Z - ring of wizardry
MPRegen  0.14/turn              S - +6 ring of strength

@: very slow
A: large, see invisible, deformed body, poison resistance, slowness 2, spit
poison 1, AC +2
a: Spit Poison, Bend Time, Renounce Religion


You were on level 5 of the Dungeon.
You worshipped Cheibriados.
Cheibriados was noncommittal.
You visited 2 branches of the dungeon, and saw 6 of its levels.

You collected 244 gold pieces.


Innate Abilities, Weirdness & Mutations

You cannot wear boots.
Your serpentine skin is tough. (AC +2)
You have supernaturally acute eyesight. (SInv)
Armour fits poorly on your strangely shaped body.
Your system is resistant to poisons. (rPois)
You cover ground very slowly.
You can spit poison.


   Skills:
 - Level 1.5 Dodging
 - Level 3.0 Stealth
 + Level 5.3 Spellcasting
 + Level 6.8 Ice Magic
 + Level 2.0 Invocations


You had one spell level left.
You knew the following spells:

 Your Spells              Type           Power        Failure   Level
b - Summon Ice Beast      Ice/Summ       ###.....     13%         4
o - Ozocubu's Armour      Ice            ####....     1%          3
r - Frozen Ramparts       Ice            ####..       1%          3
z - Freeze                Ice            ####         1%          1
X - Hailstorm             Conj/Ice       ###.....     13%         4

Your spell library contained the following spells:

 Spells                   Type           Power        Failure   Level
 Magic Dart               Conj           #...         6%          1
 Blink                    Tloc           N/A          9%          2
 Call Imp                 Summ           #.......     9%          2
 Slow                     Hex            #.......     9%          2
 Conjure Flame            Conj/Fire      #.......     16%         3
 Mephitic Cloud           Conj/Pois/Air  #.......     16%         3

Inventory:

Hand Weapons
 c - a +0 whip
 n - a +1 spear of venom (weapon)
Missiles
 m - 11 poisoned darts (quivered)
Armour
 a - a +0 robe (worn)
 o - a +0 helmet (worn)
 r - a +1 cloak (worn)
Jewellery
 p - a cursed ring of attention
 v - an uncursed ring of see invisible {unknown}
 S - a +6 ring of strength (right hand)
 Z - a ring of wizardry (left hand)
Wands
 w - a wand of polymorph (8)
Scrolls
 b - 5 scrolls of remove curse {@r2@r2}
 e - 3 scrolls of teleportation {@r4@r4}
 f - a scroll of magic mapping
 g - a scroll of enchant armour
 h - a scroll of immolation
 l - 2 scrolls of amnesia
Potions
 d - a potion of ambrosia {unknown}
 k - a potion of degeneration
 t - a potion of berserk rage {unknown}

Dungeon Overview and Level Annotations

Branches:
Dungeon (5/15)             Temple (1/1) D:4

Altars:
Cheibriados
Dithmenos
Elyvilon
Fedhas
Hepliaklqana
Kikubaaqudgha
Makhleb
Okawaru
Qazlal
Ru
Trog
Vehumet
Wu Jian
Xom
Yredelemnul
Zin
The Shining One

*,,,,,,**** *,,,,,,,,,*
########*,,,,,,,,,*
#......#*,,,,,,,,,**
#......#*,,,,,,,,,+,
#......#*,,,,,,,,,**
#.c....#******,,,,*
#......#,,,*,+,,,,**
#..@...#,***,*,,,,**
#.#(...#,,,,,*,,,,**
#,#(########.....,**
******,#((..#...#....#***
*,,,**,####.#.#.#....#*,,
***,*,**,*#...#.#.#....#*,*
*,,,*,**,*#)#.#...+....+,,*
**,**,,,,*#.......#....#***
*,*****########..#....# *


You could see a centaur (very poisoned).


Message History

The centaur shoots an arrow.
The arrow barely misses you.
The centaur shoots an arrow.
The arrow barely misses you.
The centaur shoots an arrow.
The arrow hits you.
You see here an arrow.
The centaur shoots an arrow.
The arrow hits you.
The centaur shoots an arrow.
The arrow hits you.
You see here 2 arrows.
The centaur shoots an arrow.
The arrow hits you.
The centaur shoots an arrow.
The arrow hits you!
* * * LOW HITPOINT WARNING * * *
The centaur shoots an arrow.
The arrow hits you!
* * * LOW HITPOINT WARNING * * *
You see here 2 arrows.
You are too injured to fight recklessly!
You are too injured to fight recklessly!
Attack whom?
Press: ? - help, Dir - move target cursor, f - centaur
Aim: a centaur, wielding a +0 shortbow and quivering 15 arrows You reach to attack!
You hit the centaur.
The centaur is poisoned.
The centaur is lightly wounded.
The centaur shoots an arrow.
The arrow hits you.
* * * LOW HITPOINT WARNING * * *
Unknown command.
Attack whom?
Press: ? - help, Dir - move target cursor, f/p - centaur
Aim: a centaur, wielding a +0 shortbow and quivering 14 arrows (moderately wounded, very poisoned)
You reach to attack!
You barely miss the centaur.
The centaur is moderately wounded.
The centaur shoots an arrow.
The arrow hits you!
You die...

Skill      XL: |  1  2  3  4  5  6  7 |
---------------+----------------------+-----
Spellcasting   | 3 4 5 |  5.3
Ice Magic      | 5 6 |  6.8
Invocations    | 2 |  2.0
Dodging        | |  1.5
Stealth        | |  3.0

Action                   |  1- 3 |  4- 6 |  7- 9 || total
-------------------------+-------+-------+-------++-------
Melee: Unarmed           |    11 |       |       ||    11
       Whip              |    43 |   112 |       ||   155
       Spear             |       |    95 |    39 ||   134
Throw: Dart              |       |     3 |       ||     3
 Cast: Freeze            |    30 |    15 |     3 ||    48
       Frozen Ramparts   |     1 |     6 |     2 ||     9
       Ozocubu's Armour  |       |     4 |     2 ||     6
 Abil: Spit Poison       |       |     2 |       ||     2
  Use: Potion            |     2 |     5 |     1 ||     8
       Scroll            |       |       |    11 ||    11
 Stab: Distracted        |       |     1 |       ||     1
       Sleeping          |       |     6 |     1 ||     7
       Invisible         |       |     4 |       ||     4
Armor: Robe              |    18 |    44 |    10 ||    72
Dodge: Dodged            |    48 |   125 |    16 ||   189

Levels and vault maps discovered:
D:1:      minmay_arrival_wavy_path, layout_basic, corexii_corridor_pit,
          hex_tiny, minivault_14
D:2:      layout_loops_ring, nicolae_overflow_hidden_temple, lemuel_doored_altar
D:3:      layout_basic, okawaru_metal_pillars_1_2, uniq_robin
D:4:      layout_basic, lemuel_round_altar, minmay_temple_entry_hall,
          grunt_decor_resistance
D:5:      layout_basic, grunt_gozag_statues, basic_altar, uniq_ijyb,
          uniq_menkaure
Temple:   oiseaux_autumnal_temple

Notes
Turn   | Place    | Note
-------+----------+-------------------------------------------
     0 | D:1      | Dracia the Naga Ice Elementalist began the quest for the
                  | Orb.
     0 | D:1      | Reached XP level 1. HP: 15/15 MP: 3/3
    52 | D:1      | HP: 1/15 [jackal (2)]
   556 | D:1      | Reached XP level 2. HP: 10/22 MP: 0/5
  1624 | D:1      | Reached XP level 3. HP: 27/28 MP: 4/6
  2072 | D:2      | Learned a level 3 spell: Frozen Ramparts
  2076 | D:2      | Learned a level 3 spell: Ozocubu's Armour
  2157 | D:2      | Reached skill level 3 in Spellcasting
  2162 | D:2      | Reached XP level 4. HP: 13/36 MP: 2/8
  2174 | D:2      | Reached skill level 5 in Ice Magic
  2485 | D:2      | Found a hazy altar of Hepliaklqana.
  3100 | D:2      | Reached XP level 5. HP: 26/42 MP: 7/10
  3345 | D:2      | Learned a level 4 spell: Hailstorm
  3812 | D:2      | Found an ornate altar of the Wu Jian Council.
  3961 | D:3      | Noticed Robin
  4429 | D:3      | Killed Robin
  4774 | D:3      | Found an iron altar of Okawaru.
  5318 | D:4      | Reached skill level 4 in Spellcasting
  5387 | D:4      | Reached XP level 6. HP: 49/49 MP: 12/12
  5476 | D:4      | Noticed a phantom
  5484 | D:4      | Reached skill level 6 in Ice Magic
  5553 | D:4      | Killed a phantom
  5835 | D:4      | Reached XP level 7. HP: 51/55 MP: 14/14
  6056 | D:4      | Found a staircase to the Ecumenical Temple.
  6069 | D:4      | Reached skill level 5 in Spellcasting
  6249 | Temple   | Entered the Ecumenical Temple
  6405 | Temple   | Became a worshipper of Cheibriados the Contemplative
  6625 | D:4      | Learned a level 4 spell: Summon Ice Beast
  6657 | D:4      | Found a radiant altar of Vehumet.
  6922 | D:5      | Entered Level 5 of the Dungeon
  6953 | D:5      | HP: 2/55 [bullfrog zombie (4)]
  6956 | D:5      | Reached skill level 1 in Invocations
  7416 | D:5      | Reached skill level 2 in Invocations
  7531 | D:5      | Shot with an arrow by a centaur

Vanquished Creatures
  A phantom (D:4)
  2 scorpions (D:4)
  A bullfrog zombie (D:5)
  A hound (D:4)
  3 orc priests
  4 orc wizards
  Robin (D:3)
  6 adders
  4 gnolls (D:2)
  An ooze (D:2)
  4 worms
  4 dart slugs
  3 leopard geckos
  9 orcs
  2 bats
  5 giant cockroaches
  13 goblins
  11 hobgoblins
  2 jackals (D:1)
  9 kobolds
  A quokka (D:3)
  2 ball pythons
  4 frilled lizards
  A leopard gecko skeleton (D:4)
  6 rats
100 creatures vanquished.

Table legend: (Time is in decaauts)
 A = Elapsed time spent in this place.
 B = Non-inter-level travel time spent in this place.
 C = Inter-level travel time spent in this place.
 D = Time resting spent in this place.
 E = Time spent auto-exploring this place.
 F = Levels seen in this place.
 G = Mean time per level.
                   A        B        C        D        E       F      G
               +--------+--------+--------+--------+--------+-----+--------+
         Total |   8953 |   8789 |    164 |   2988 |   4812 |   6 | 1492.2 |
       Dungeon |   8675 |   8569 |    106 |   2988 |   4612 |   5 | 1735.0 |
        Temple |    278 |    221 |     57 |      0 |    199 |   1 |  278.0 |
               +--------+--------+--------+--------+--------+-----+--------+

Top non-repeatable levels by time:
     D:2: 2883 daAuts
     D:1: 2203 daAuts
     D:4: 2101 daAuts
     D:3: 824 daAuts
     D:5: 661 daAuts
  Temple: 278 daAuts

Table legend:
 A = Non-vault XP
 B = Vault XP
 C = Vault XP percentage of total XP
 D = Non-vault monster count
 E = Vault monster count
 F = Vault count percentage of total count
                 A         B        C        D         E       F
            +---------+---------+-------+---------+---------+-------
      Total |     936 |      36 |   3.7 |      89 |      11 |  11.0
            +---------+---------+-------+---------+---------+-------
        D:1 |      35 |       0 |   0.0 |      19 |       0 |   0.0
        D:2 |     148 |      18 |  10.8 |      27 |       9 |  25.0
        D:3 |      51 |      18 |  26.1 |      17 |       2 |  10.5
        D:4 |     441 |       0 |   0.0 |      18 |       0 |   0.0
        D:5 |     261 |       0 |   0.0 |       8 |       0 |   0.0
            +---------+---------+-------+---------+---------+-------
